 Dungeon Crawl Stone Soup version 0.31-a0-1074-g0b22e4e0f1 (webtiles) character file.

Game seed: 2843071572359795467

170 grandjackal the Trooper (level 5, -11/42 HPs)
             Began as a Djinni Cinder Acolyte on Nov 28, 2023.
             Was a High Priest of Ignis.
             Mangled by an ice beast (15 damage)
             ... on level 3 of the Dungeon.
             The game lasted 00:04:43 (2465 turns).

grandjackal the Trooper (Djinni Cinder Acolyte)     Turns: 2465, Time: 00:04:44

Health: -11/42     AC:  2    Str: 13    XL:     5   Next: 80%
Gold:   147        EV: 11    Int: 18    God:    Ignis [*****.] SH:  0 Dex:  8

rFire   + + +        a - -1 spear (flame)
rCold   x . .        (no shield)
rNeg    . . .        b - +0 robe
rPois   ∞            (no helmet)
rElec   .            (no cloak)
rCorr   +            (no gloves)
SInv    .            (boots unavailable)
Will    .....        (no amulet)
Stlth   +            k - ring of resist corrosion
HPRegen 0.27/turn    (no ring)
MPRegen 0.00/turn

%: infuse magic (-12 HP)
@: flying
A: sickness immunity, fire resistance 2, cold vulnerability 1, float, innate
caster, HP casting, extra vitality 1
a: Renounce Religion, Fiery Armour, Foxfire Swarm, Rising Flame


You were on level 3 of the Dungeon.
You worshipped Ignis.
Ignis was extremely pleased with you.
You visited 1 branch of the dungeon, and saw 3 of its levels.

You collected 147 gold pieces.

Inventory:

Hand Weapons
 a - a -1 spear of flaming (weapon)
 g - a +2 dagger of venom
Missiles
 j - 4 stones (quivered)
 p - 2 poisoned darts
Armour
 b - a +0 robe (worn)
Jewellery
 k - a ring of resist corrosion (left hand)
Scrolls
 c - 2 scrolls of identify {unknown}
 e - 4 scrolls of noise {unknown}
 h - a scroll of teleportation {unknown}
 m - a scroll of immolation {unknown}
 n - a scroll of blinking {unknown}
 q - a scroll of revelation {unknown}
Potions
 d - 2 potions of degeneration {unknown}
 f - 2 potions of attraction {unknown}
 i - 2 potions of lignification {unknown}
 l - a potion of heal wounds {unknown}
 o - a potion of mutation {unknown}
 s - a potion of cancellation {unknown}


   Skills:
 + Level 4.6 Fighting
 - Level 2.7 Polearms
 + Level 3.4 Spellcasting
 + Level 3.4 Conjurations
 + Level 3.4 Hexes
 + Level 3.4 Summonings
 + Level 3.4 Necromancy
 + Level 3.4 Translocations
 + Level 3.4 Transmutations
 + Level 3.4 Fire Magic
 + Level 3.4 Ice Magic
 + Level 3.4 Air Magic
 + Level 3.4 Earth Magic
 + Level 3.4 Poison Magic


You knew the following spells:

 Your Spells              Type           Power      Damage    Failure   Level
a - Scorch                Fire           30%        2d6       6%          2
b - Sandblast             Erth           30%        2d9       3%          1
c - Static Discharge      Conj/Air       30%        3-5/arc   6%          2
Your spell library was empty.

Dungeon Overview and Level Annotations

Branches:
Dungeon (3/15)

Altars:

Shops:
D:1 *   D:3 [


Innate Abilities, Weirdness & Mutations

You are immune to sickness and miasma.
You are immune to poison.
Your flesh is very heat resistant. (rF++)
You are vulnerable to cold. (rC-)
You float through the air rather than walking.
You learn spells naturally, not from books.
Your magical power is your life essence.
You have superior vitality. (+4 MHP)


Message History

You now have 147 gold pieces (gained 15).
You see here a +1 whip of flaming.
Found 4 datura-tipped darts.
You reach down and open the door.
Found Seutta Jyrph's Armour Boutique.
There is an open door here.
There is an entrance to Seutta Jyrph's Armour Boutique here.
You reach down and open the door.
There is an open door here.
You see here 4 datura-tipped darts.
r - 4 datura-tipped darts
Found a stone staircase leading down.
s - a brown potion You drop 4 datura-tipped darts.
Found a scale mail.
An ice beast comes into view.
Casting: Scorch (safe; 6% risk of failure)
Confirm with . or Enter, or press ? or * to list all spells.
Flames lash the ice beast.
The ice beast melts!
The ice beast is moderately wounded.
The ice beast's fire resistance burns away.
Unknown command.
The ice beast attacks as it pursues you!
The ice beast closely misses you.
The ice beast attacks as it pursues you!
The ice beast hits you. The ice beast freezes you!
You feel a terrible chill!
The ice beast is no longer more vulnerable to fire.
Casting: Scorch (safe; 6% risk of failure)
Confirm with . or Enter, or press ? or * to list all spells.
Flames lash the ice beast.
The ice beast melts!
The ice beast is severely wounded.
The ice beast's fire resistance burns away.
The ice beast hits you. The ice beast freezes you!
You feel a terrible chill!
* * * LOW HITPOINT WARNING * * *
Unknown command.
The ice beast attacks as it pursues you!
The ice beast hits you.
* * * LOW HITPOINT WARNING * * *
The ice beast freezes you!
You feel a terrible chill!
You die...

#########
#######....>..#
#.............#
#...(......##...#
#..........#
#...###
#..........#
..[....
#......Y...#
#......
#######@####
####...# #.#######
#..
#.#.....##########
#.+...............
#.............)...
#.#...............
#.#+#.............
#.'∩'.............
###+#..###########


You could see an ice beast (combustible).

Vanquished Creatures
  A howler monkey (D:2)
  6 adders
  2 worms
  2 dart slugs
  4 orcs (D:3)
  3 ball pythons
  6 endoplasms
  2 giant cockroaches
  6 goblins
  8 hobgoblins
  6 kobolds
  2 quokkas
  5 bats
  6 rats
59 creatures vanquished.

Notes
Turn   | Place    | Note
-------+----------+-------------------------------------------
     0 | D:1      | grandjackal the Djinni Cinder Acolyte began the quest for
                  | the Orb.
     0 | D:1      | grandjackal set off with the following spells memorised:
                  | Scorch.
     0 | D:1      | Reached XP level 1. HP: 20/20 MP: 0/0
   168 | D:1      | Found Firi's Assorted Antiques.
   297 | D:1      | Reached XP level 2. HP: 25/25 MP: 0/0
   748 | D:1      | Reached XP level 3. HP: 27/30 MP: 0/0
   748 | D:1      | Learned a level 1 spell: Sandblast
  1172 | D:2      | Reached XP level 4. HP: 33/37 MP: 0/0
  1175 | D:2      | Reached skill level 4 in Fighting
  1426 | D:2      | Reached XP level 5. HP: 29/41 MP: 0/0
  1426 | D:2      | Learned a level 2 spell: Static Discharge
  1777 | D:2      | Noticed a great orb of eyes
  1779 | D:2      | Found a faded altar of an unknown god.
  1781 | D:2      | Noticed a glass eye
  1781 | D:2      | Noticed a glass eye
  1781 | D:2      | Noticed a golden eye
  2424 | D:3      | Found Seutta Jyrph's Armour Boutique.
  2457 | D:3      | Noticed an ice beast
  2465 | D:3      | Mangled by an ice beast

Illustrated notes

Levels and vault maps discovered:
D:1:      minmay_arrival_radiant_lines, layout_loops_corners, serial_shops, shop
D:2:      layout_basic, hellmonk_ecumenical_altar_watching_god
D:3:      layout_basic, serial_shops, nicolae_shop_behind_doors, minmay_ruptured

Skill      XL: |  1  2  3  4 |
---------------+-------------+-----
Spellcasting   | 3 |  3.4
Conjurations   | 3 |  3.4
Hexes          | 3 |  3.4
Summonings     | 3 |  3.4
Necromancy     | 3 |  3.4
Translocations | 3 |  3.4
Transmutations | 3 |  3.4
Fire Magic     | 3 |  3.4
Ice Magic      | 3 |  3.4
Air Magic      | 3 |  3.4
Earth Magic    | 3 |  3.4
Poison Magic   | 3 |  3.4
Fighting       | 4 |  4.6
Polearms       | |  2.7

Action                     |  1- 3 |  4- 6 || total
---------------------------+-------+-------++-------
  Melee: Spear             |   117 |    60 ||   177
         Punch             |     1 |       ||     1
   Cast: Scorch            |     3 |    26 ||    29
         Sandblast         |       |    15 ||    15
 Armour: Robe              |    56 |    53 ||   109
  Dodge: Dodged            |    46 |    35 ||    81

Table legend: (Time is in decaauts)
 A = Elapsed time spent in this place.
 B = Non-inter-level travel time spent in this place.
 C = Inter-level travel time spent in this place.
 D = Time resting spent in this place.
 E = Time spent auto-exploring this place.
 F = Levels seen in this place.
 G = Mean time per level.
                   A        B        C        D        E       F      G
               +--------+--------+--------+--------+--------+-----+--------+
         Total |   2465 |   2435 |     30 |    592 |   1378 |   3 |  821.7 |
       Dungeon |   2465 |   2435 |     30 |    592 |   1378 |   3 |  821.7 |
               +--------+--------+--------+--------+--------+-----+--------+

Top non-repeatable levels by time:
     D:1: 1010 daAuts
     D:2: 939 daAuts
     D:3: 515 daAuts
